 Dungeon Crawl Stone Soup version 0.28.0-53-g5a82cb258f (webtiles) character file.

Game seed: 8023973942367699553

77 Zeld the Gusty (level 4, 0/24 HPs)
             Began as a Tengu Air Elementalist on June 14, 2022.
             Slain by an orc
             ... wielding a +2 trident of venom
              (9 damage)
             ... on level 3 of the Dungeon.
             The game lasted 00:01:29 (1525 turns).

Zeld the Gusty (Tengu Air Elementalist)             Turns: 1525, Time: 00:01:29

Health: 0/24       AC:  3    Str:  8    XL:     4   Next: 33%
Magic:  7/9        EV: 12    Int: 17    God:
Gold:   55         SH:  0    Dex: 15    Spells: 3/9 levels left

rFire   . . .      SeeInvis .   c - +0 short sword (vamp)
rCold   . . .      Faith    .   (no shield)
rNeg    . . .      Spirit   .   a - +0 robe
rPois   .          Reflect  .   (helmet restricted)
rElec   .          Harm     .   d - +0 cloak
rCorr   .          Rampage  .   (no gloves)
Will    .....                   (boots unavailable)
Stlth   ++........              (no amulet)
HPRegen 0.08/turn               (no ring)
MPRegen 0.11/turn               (no ring)

@: lethally poisoned (0 -> -6)
A: beak, talons 3
a: no special abilities


You were on level 3 of the Dungeon.
You visited 1 branch of the dungeon, and saw 3 of its levels.

You collected 55 gold pieces.

Inventory:

Hand Weapons
 c - a +0 vampiric short sword (weapon)
Missiles
 b - 5 poisoned darts
Armour
 a - a +0 robe (worn)
 d - a +0 cloak (worn)


   Skills:
 - Level 2.1 Dodging
 - Level 2.0 Stealth
 * Level 3.0 Spellcasting
 + Level 2.6 Conjurations
 * Level 5.2 Air Magic


You had 3 spell levels left.
You knew the following spells:

 Your Spells              Type           Power      Damage    Failure   Level
a - Shock                 Conj/Air       60%        1d6       3%          1
b - Static Discharge      Conj/Air       15%        N/A       5%          2
c - Swiftness             Air            20%        N/A       6%          3

Your spell library contained the following spells:

 Spells                   Type           Power      Damage    Failure   Level
 Airstrike                Air            10%        N/A       21%         4


Dungeon Overview and Level Annotations

Branches:
Dungeon (3/15)

Altars:
Qazlal


Innate Abilities, Weirdness & Mutations

You have a beak for a mouth.
You have claws for feet.


Message History

a +0 club; a goblin corpse No target in view!
You now have 31 gold pieces (gained 10).
Found a stone staircase leading up.
You now have 44 gold pieces (gained 13).
A frilled lizard comes into view.
A frilled lizard is nearby!
A frilled lizard is nearby!
The frilled lizard hisses angrily.
You closely miss the frilled lizard. Your peck misses the frilled lizard.
The frilled lizard barely misses you.
You barely miss the frilled lizard. You peck the frilled lizard.
You kill the frilled lizard!
You see here a frilled lizard corpse.
Found 8 stones.
No target in view!
You now have 55 gold pieces (gained 11).
A hobgoblin comes into view.
Found a stone staircase leading up.
The hobgoblin shouts!
A hobgoblin is nearby!
An orc comes into view. It is wielding a +2 trident of venom.
The hobgoblin hits you but does no damage.
You hit the hobgoblin. Your kick misses the hobgoblin.
The hobgoblin is almost dead.
The hobgoblin hits you.
There are monsters nearby!
You barely miss the hobgoblin.
The hobgoblin is almost dead.
The hobgoblin hits you.
Casting: Static Discharge (safe; 5% risk of failure)
Confirm with . or Enter, or press ? or * to list all spells.
The hobgoblin is struck by an arc of lightning!
You kill the hobgoblin!
You are struck by an arc of lightning.
The orc hits you from afar with a +2 trident of venom.
You are poisoned.
You feel sick.
The orc hits you with a +2 trident of venom!
You die...

#.#. #. .....#.# ....#.#
####..#.#
...####........ .
.........#....# ...
.....(........####..##.
................@o......
#.......#.#.##.###..#...
+...##..#.#.#.......#
#...##..#.#.........+
#...#...............#
....#...#.###.#.....#
........#.# #.##....#
#......##.# #.# ....#
###.#..##.# #.# ....+


You could see an orc.

Vanquished Creatures
  Jessica (D:3)
  3 adders
  A bat (D:2)
  2 endoplasms (D:2)
  A giant cockroach (D:2)
  3 goblins
  3 hobgoblins
  4 kobolds (D:2)
  A quokka (D:2)
  A ball python (D:3)
  2 frilled lizards
  3 rats (D:3)
25 creatures vanquished.

Vanquished Creatures (others)
  A plant (D:1)
1 creature vanquished.

Grand Total: 26 creatures vanquished

Notes
Turn   | Place    | Note
-------+----------+-------------------------------------------
     0 | D:1      | Zeld the Tengu Air Elementalist began the quest for the
                  | Orb.
     0 | D:1      | Reached XP level 1. HP: 10/10 MP: 4/4
    50 | D:2      | Found a stormy altar of Qazlal.
   119 | D:2      | Reached XP level 2. HP: 15/15 MP: 0/6
   176 | D:1      | Learned a level 2 spell: Static Discharge
   573 | D:2      | Reached XP level 3. HP: 8/19 MP: 2/7
   577 | D:2      | Learned a level 3 spell: Swiftness
  1397 | D:3      | Noticed Jessica
  1402 | D:3      | Killed Jessica
  1403 | D:3      | Reached skill level 5 in Air Magic
  1403 | D:3      | Reached XP level 4. HP: 21/24 MP: 3/9
  1525 | D:3      | Slain by an orc

Illustrated notes

Levels and vault maps discovered:
D:1:      roderic_crop_circles_arrival_small, layout_basic,
          hellmonk_ecumenical_altar_inner_sanctum, minmay_bisected
D:2:      layout_loops_cross, basic_altar, nrook_mini_vaults
D:3:      gammafunk_steamed_eel, layout_basic, minmay_misc_feat_five,
          uniq_jessica

Skill      XL: |  1  2  3 |
---------------+----------+-----
Conjurations   | 2 |  2.6
Spellcasting   | 3 |  3.0
Air Magic      | 5 |  5.2
Dodging        | |  2.1
Stealth        | |  2.0

Action                   |  1- 3 |  4- 6 || total
-------------------------+-------+-------++-------
Melee: Unarmed           |     5 |       ||     5
       Peck              |     4 |     1 ||     5
       Kick              |     2 |     1 ||     3
       Short sword       |    11 |     8 ||    19
 Cast: Shock             |    12 |       ||    12
       Static Discharge  |    16 |     2 ||    18
  Use: Potion            |     1 |       ||     1
 Stab: Distracted        |       |     2 ||     2
Armor: Robe              |    11 |     1 ||    12
Dodge: Dodged            |    23 |     4 ||    27
